 Dungeon Crawl Stone Soup version 0.30-a0-1050-g2766ea1e55 (webtiles) character file.

Game seed: 11808913774649217752

73 Majang the Gusty (level 4, 0/24 HPs)
             Began as a Tengu Air Elementalist on Apr 11, 2023.
             Killed by their own static electricity (1 damage)
             ... on level 1 of the Dungeon.
             The game lasted 00:06:40 (1702 turns).

Majang the Gusty (Tengu Air Elementalist)           Turns: 1702, Time: 00:06:41

Health: 0/24       AC:  2    Str:  8    XL:     4   Next: 27%
Magic:  1/9        EV: 12    Int: 17    God:
Gold:   65         SH:  0    Dex: 15    Spells: 2/9 levels left

rFire   . . .      SeeInvis .    e - +0 spear
rCold   . . .      Faith    .    (no shield)
rNeg    . . .      Spirit   .    a - +0 robe
rPois   .          Reflect  .    (helmet restricted)
rElec   .          Rampage  .    (no cloak)
rCorr   .                        (no gloves)
Will    .....                    (boots unavailable)
Stlth   ++                       (no amulet)
HPRegen 0.24/turn                (no ring)
MPRegen 0.11/turn                (no ring)

@: no status effects
A: beak, talons 3
a: no special abilities


You were on level 1 of the Dungeon.
You visited 1 branch of the dungeon, and saw 2 of its levels.

You collected 65 gold pieces.

Inventory:

Hand Weapons
 e - a +0 spear (weapon)
 h - a +0 club
Armour
 a - a +0 robe (worn)
 n - the +4 pair of gloves of the Dolphin {rCorr}
   (You found it on level 2 of the Dungeon)

   rCorr:     It protects you from acid and corrosion.
Scrolls
 g - 2 scrolls of fear {unknown}
 k - a scroll of vulnerability {unknown}
 l - a scroll of poison {unknown}
 m - a scroll of magic mapping {unknown}
Potions
 b - a potion of magic
 c - a potion of might {unknown}
 d - a potion of berserk rage {unknown}
 f - a potion of haste {unknown}
 i - a potion of curing {unknown}
 j - a potion of degeneration {unknown}


   Skills:
 - Level 2.1 Dodging
 - Level 2.0 Stealth
 * Level 3.2 Spellcasting
 + Level 2.8 Conjurations
 + Level 4.7 Air Magic


You had 2 spell levels left.
You knew the following spells:

 Your Spells              Type           Power      Damage    Failure   Level
a - Shock                 Conj/Air       60%        1d6       3%          1
b - Airstrike             Air            9%         2d(2-18)  24%         4
d - Static Discharge      Conj/Air       30%        2-4/arc   5%          2

Your spell library contained the following spells:

 Spells                   Type           Power      Damage    Failure   Level
 Swiftness                Air            18%        N/A       8%          3


Dungeon Overview and Level Annotations

Branches:
Dungeon (2/15)

Altars:


Innate Abilities, Weirdness & Mutations

You have a beak for a mouth.
You have claws for feet.


Message History

The gnoll shouts!
You open the door. The kobold hits you but does no damage.
The kobold attacks as you move away! The kobold hits you with a +0 whip.
There is an open door here.
The kobold attacks as you move away! The kobold hits you with a +0 whip.
The kobold attacks as you move away! The kobold closely misses you.
Casting: Shock (safe; 3% risk of failure)
Confirm with . or Enter, or press ? or * to list all spells.
The kobold is struck by an arc of lightning.
You kill the kobold!
You are struck by an arc of lightning.
The lightning grounds out.
Casting: Static Discharge (safe; 5% risk of failure)
Confirm with . or Enter, or press ? or * to list all spells.
The ball python is struck by an arc of lightning.
You kill the ball python!
You are struck by an arc of lightning.
* * * LOW HITPOINT WARNING * * *
The lightning grounds out.
The giant cockroach attacks as you move away!
The giant cockroach bites you but does no damage.
The giant cockroach attacks as you move away!
The giant cockroach barely misses you.
The giant cockroach attacks as you move away!
The giant cockroach bites you but does no damage.
The giant cockroach attacks as you move away!
The giant cockroach completely misses you.
The giant cockroach misses you.
There is a stone staircase leading up here.
The giant cockroach waves its antennae.
The giant cockroach bites you.
The gnoll hits you from afar with a +0 spear!
* * * LOW HITPOINT WARNING * * *
You climb upwards.
There is a stone staircase leading down here.
Casting: Static Discharge (safe; 5% risk of failure)
Confirm with . or Enter, or press ? or * to list all spells.
The giant cockroach is struck by an arc of lightning.
The giant cockroach is severely wounded.
You are struck by an arc of lightning.
You die...

................#..## ##..#..#
..#######.###..###..###..#####
..### #.......#....#....#.#
....########.........)......#
.........####.####..........#
...#####...##.####..........#
.......#..............#######
######...........B....# #
###.....#..@.....#
#.....########### #
#.###...### ###### ### #.#
##....# #....###### ..# #.#
##.#.# #.##......# #†# #.#
#...# ##..#.#.##.# #.# ###.#
###.###..#.##(#..## #.###...##
#......##(.#.#..# .........#
#.#..#....##.##.#


You could see a giant cockroach.

Vanquished Creatures
  An iguana (D:2)
  An adder (D:2)
  3 endoplasms
  A giant cockroach (D:1)
  3 hobgoblins (D:1)
  5 kobolds
  2 quokkas (D:1)
  10 ball pythons
  6 bats
  5 frilled lizards
  A goblin (D:1)
  2 rats
40 creatures vanquished.

Notes
Turn   | Place    | Note
-------+----------+-------------------------------------------
     0 | D:1      | Majang the Tengu Air Elementalist began the quest for the
                  | Orb.
     0 | D:1      | Reached XP level 1. HP: 10/10 MP: 4/4
   226 | D:1      | Reached XP level 2. HP: 6/15 MP: 0/6
   404 | D:1      | Learned a level 2 spell: Static Discharge
   641 | D:1      | Found a faded altar of an unknown god.
   774 | D:1      | Reached XP level 3. HP: 15/19 MP: 5/8
  1198 | D:2      | Reached XP level 4. HP: 21/24 MP: 0/9
  1277 | D:2      | Learned a level 4 spell: Airstrike
  1668 | D:2      | Identified the +4 pair of gloves of the Dolphin {rCorr}
  1700 | D:2      | HP: 1/24 [gnoll/+0 spear (7)]
  1702 | D:1      | Killed from afar by themself

Illustrated notes

Levels and vault maps discovered:
D:1:      minmay_arrival_diagonal_passages, layout_rooms,
          nicolae_ecumenical_snake_handling, minivault_19, nrook_loot_triangle,
          hangedman_decor_growths, minmay_misc_feat_ornament, minmay_tromino_v7
D:2:      layout_basic

Skill      XL: |  1  2  3 |
---------------+----------+-----
Conjurations   | 2 |  2.8
Spellcasting   | 3 |  3.2
Dodging        | |  2.1
Stealth        | |  2.0
Air Magic      | |  4.7

Action                     |  1- 3 |  4- 6 || total
---------------------------+-------+-------++-------
  Melee: Spear             |     1 |     2 ||     3
   Cast: Shock             |    59 |    14 ||    73
         Static Discharge  |     3 |     6 ||     9
 Armour: Robe              |     2 |     7 ||     9
  Dodge: Dodged            |    15 |    15 ||    30

Table legend: (Time is in decaauts)
 A = Elapsed time spent in this place.
 B = Non-inter-level travel time spent in this place.
 C = Inter-level travel time spent in this place.
 D = Time resting spent in this place.
 E = Time spent auto-exploring this place.
 F = Levels seen in this place.
 G = Mean time per level.
                   A        B        C        D        E       F      G
               +--------+--------+--------+--------+--------+-----+--------+
         Total |   1702 |   1691 |     11 |    485 |    897 |   2 |  851.0 |
       Dungeon |   1702 |   1691 |     11 |    485 |    897 |   2 |  851.0 |
               +--------+--------+--------+--------+--------+-----+--------+

Top non-repeatable levels by time:
     D:1: 1166 daAuts
     D:2: 535 daAuts
